 Dungeon Crawl Stone Soup version 0.23.2-1-ga50397a (webtiles) character file.

Game seed: 1286508142955839832

3248 aefrtyi the Magician (level 9, 0/75 HPs)
             Began as a Red Draconian Air Elementalist on June 1, 2019.
             Was a Follower of Vehumet.
             Slain by an eight-headed hydra (6 damage)
             ... on level 9 of the Dungeon.
             The game lasted 00:52:25 (11105 turns).

aefrtyi the Magician (DrAE)                        Turns: 11105, Time: 00:52:26

Health: 0/75       AC:  8    Str: 11    XL:     9   Next: 67%
Magic:  18/20      EV: 12    Int: 19    God:    Vehumet [*.....]
Gold:   309        SH:  0    Dex: 11    Spells: 8/23 levels left

rFire    + + .     SeeInvis .   b - +2 short sword (drain)
rCold    + . .     Gourm    .   (no shield)
rNeg     . . .     Faith    .   (armour unavailable)
rPois    .         Spirit   .   (helmet restricted)
rElec    .         Reflect  .   l - scarf {rC+ rF+}
rCorr    .         Harm     .   k - +0 pair of gloves
MR       .....                  (no boots)
Stlth    ++........             (no amulet)
HPRegen  0.22/turn              c - ring of wizardry
MPRegen  0.17/turn              (no ring)

@: no status effects
A: breathe fire, unfitting armour, fire resistance 1, cold-blooded, AC +7
a: Breathe Fire, Renounce Religion


You were on level 9 of the Dungeon.
You worshipped Vehumet.
Vehumet was aware of your devotion.
You were hungry.

You visited 2 branches of the dungeon, and saw 10 of its levels.

You collected 309 gold pieces.

Inventory:

Hand Weapons
 b - a +2 short sword of draining (weapon)
 n - a +3 whip
Armour
 k - a +0 pair of gloves (worn)
 l - a scarf of resistance (worn)
Jewellery
 c - a ring of wizardry (left hand)
Wands
 f - a wand of random effects (23)
 r - a wand of disintegration (7)
 s - a wand of iceblast (5)
 z - a wand of flame (23)
Scrolls
 d - 5 scrolls of identify {unknown}
 g - 5 scrolls of remove curse {unknown}
 h - 2 scrolls of random uselessness {unknown}
 m - 3 scrolls of fog {unknown}
 o - a scroll of amnesia {unknown}
 u - a scroll of fear {unknown}
 w - 2 scrolls of teleportation {unknown}
 y - a scroll of noise {unknown}
Potions
 a - 2 potions of mutation {unknown}
 e - a potion of heal wounds {unknown}
 i - 2 potions of curing {unknown}
 p - 3 potions of flight {unknown}
 q - a potion of ambrosia {unknown}
 t - 2 potions of resistance {unknown}
 v - a potion of brilliance {unknown}
 x - 2 potions of degeneration {unknown}
 A - a potion of agility {unknown}
Comestibles
 j - 9 rations


   Skills:
 + Level 6.1 Fighting
 - Level 1.7 Dodging
 - Level 4.3 Stealth
 * Level 7.9 Spellcasting
 + Level 5.8 Conjurations
 + Level 6.6 Air Magic


You had 8 spell levels left.
You knew the following spells:

 Your Spells              Type           Power        Failure   Level  Hunger
a - Shock                 Conj/Air       ####         1%          1    None
b - Swiftness             Chrm/Air       ###.....     1%          2    None
c - Static Discharge      Conj/Air       ####....     1%          3    None
d - Airstrike             Air            ####......   2%          4    ###....
e - Lightning Bolt        Conj/Air       ####......   9%          5    #####..

Your spell library contained the following spells:

 Spells                   Type           Power        Failure   Level  Hunger
 Magic Dart               Conj           ####         1%          1    None
 Beastly Appendage        Tmut           #.....       4%          1    None
 Sticks to Snakes         Tmut           #.......     6%          2    None
 Spider Form              Tmut/Pois      #.........   12%         3    None
 Ice Form                 Ice/Tmut       #.......     34%         4    ###....
 Blade Hands              Tmut           #.........   67%         5    #####..


Dungeon Overview and Level Annotations

Branches:
Dungeon (9/15)             Temple (1/1) D:6
   Lair: D:8-11         Orc: D:9-12

Altars:
Ashenzari
Cheibriados
Dithmenos
Fedhas
Gozag
Kikubaaqudgha
Makhleb
Nemelex Xobeh
Okawaru
Qazlal
Ru
Vehumet
Xom
Yredelemnul
Zin
Lugonu

Shops:
D:8 (

Annotations:
D:8 Grum


Innate Abilities, Weirdness & Mutations

You can breathe blasts of fire.
Your fiery red scales are hard. (AC +7)
You cannot fit into any form of body armour.
Your flesh is heat resistant. (rF+)
You are cold-blooded and may be slowed by cold attacks.


Message History

You start to feel a little slower.
Grum growls angrily.
Things that are here:
a +0 whip; a +0 chain mail
There is an open door here.
You feel sluggish.
You start to feel a little faster.
You no longer feel sluggish.
Grum closely misses you.
There is an escape hatch in the floor here.
Grum hits you from afar with a +0 spear of freezing!
* * * LOW HITPOINT WARNING * * *
Grum freezes you.
* * * LOW HITPOINT WARNING * * *
You slide downwards.
The hatch slams shut behind you.
An eight-headed hydra comes into view.
Found a ration, a blue potion and a scroll labeled DOERUBU ASOTSE.
The eight-headed hydra roars!
The eight-headed hydra bites you.
You die...

############
...............@...#
................D..#
...................#
...................#
...................#
..........!........#
%..................#
...................#
...................#


You could see an eight-headed hydra.

Vanquished Creatures
  Pikel (D:4)
  Joseph (D:7)
  Sigmund (D:3)
  A spriggan (D:7)
  Edmund (D:4)
  A water moccasin (D:6)
  3 sky beasts
  An orc warrior (D:4)
  2 slaves (D:4)
  3 ogres
  2 wolves (D:8)
  A big kobold (D:7)
  2 bullfrogs
  2 crimson imps
  2 jellies (D:7)
  2 bullfrog zombies (D:7)
  2 hounds
  3 orc priests
  7 orc wizards
  Ijyb (D:5)
  6 worker ants
  2 hound skeletons
  A gnoll (D:2)
  8 adders
  2 shadow imps
  3 oozes
  2 adder skeletons
  2 worms
  5 dart slugs
  4 leopard geckos
  29 orcs
  2 ball pythons
  4 bats
  6 giant cockroaches
  5 goblins
  7 hobgoblins
  6 jackals
  6 quokkas
  6 frilled lizards
  17 kobolds
  6 rats
168 creatures vanquished.

Notes
Turn   | Place    | Note
-------+----------+-------------------------------------------
     0 | D:1      | aefrtyi the Draconian Air Elementalist began the quest for
                  | the Orb.
     0 | D:1      | Reached XP level 1. HP: 14/14 MP: 3/3
   419 | D:1      | Reached XP level 2. HP: 22/22 MP: 0/5
  1182 | D:1      | Reached skill level 1 in Fighting
  1295 | D:2      | Found a blossoming altar of Fedhas.
  1298 | D:2      | Reached XP level 3. HP: 28/28 MP: 3/6
  1362 | D:2      | Found a shimmering altar of Xom.
  1481 | D:2      | Found an iron altar of Okawaru.
  1773 | D:2      | Reached skill level 3 in Spellcasting
  1773 | D:2      | Reached XP level 4. HP: 19/35 MP: 1/8
  1917 | D:2      | Found a burning altar of Makhleb.
  2610 | D:2      | Found a basalt altar of Yredelemnul.
  2675 | D:3      | Noticed a bullfrog
  2694 | D:3      | Killed a bullfrog
  2694 | D:3      | Reached XP level 5. HP: 27/41 MP: 1/10
  2800 | D:3      | Learned a level 2 spell: Swiftness
  2805 | D:3      | Learned a level 3 spell: Static Discharge
  3448 | D:3      | Reached XP level 6. HP: 28/48 MP: 5/11
  3989 | D:3      | Found a sparkling altar of Nemelex Xobeh.
  4089 | D:3      | Found a glowing silver altar of Zin.
  4153 | D:3      | Noticed Sigmund
  4216 | D:4      | Noticed a slave
  4219 | D:4      | Noticed Edmund
  4387 | D:3      | Killed Sigmund
  4387 | D:3      | Reached skill level 4 in Spellcasting
  4752 | D:4      | Your scales start taking on a fiery red colour.
  4752 | D:4      | Reached XP level 7. HP: 19/57 MP: 0/13
  4752 | D:4      | Gained mutation: Your flesh is heat resistant. (rF+) [Red
                  | Draconian growth]
  5023 | D:4      | Killed Edmund
  5419 | D:4      | Noticed Pikel
  5441 | D:4      | Killed Pikel
  5441 | D:4      | Reached skill level 5 in Spellcasting
  5441 | D:4      | Reached XP level 8. HP: 6/66 MP: 0/16
  5832 | D:5      | Entered Level 5 of the Dungeon
  5952 | D:5      | Reached skill level 5 in Air Magic
  6089 | D:5      | Noticed Ijyb
  6095 | D:5      | Killed Ijyb
  6815 | D:4      | Reached skill level 6 in Spellcasting
  7812 | D:6      | Found a staircase to the Ecumenical Temple.
  7824 | Temple   | Entered the Ecumenical Temple
  7847 | Temple   | Became a worshipper of Vehumet
  8026 | D:6      | Found an opulent altar of Gozag.
  8166 | D:6      | Reached skill level 5 in Fighting
  8248 | D:6      | Reached XP level 9. HP: 73/74 MP: 13/19
  8348 | D:6      | Reached * piety under Vehumet
  8348 | D:6      | Offered knowledge of Magic Dart by Vehumet.
  8459 | D:6      | Reached skill level 5 in Conjurations
  8706 | D:7      | Found a sacrificial altar of Ru.
  8724 | D:7      | Reached skill level 7 in Spellcasting
  9014 | D:7      | Noticed Joseph
  9048 | D:7      | Killed Joseph
  9348 | D:7      | Found a shattered altar of Ashenzari.
 10202 | D:7      | Learned a level 4 spell: Airstrike
 10209 | D:7      | Learned a level 5 spell: Lightning Bolt
 10836 | D:8      | Found Vocuad's Weapon Boutique.
 10997 | D:8      | Found a shadowy altar of Dithmenos.
 11050 | D:8      | Noticed Grum
 11087 | D:8      | HP: 3/75 [Grum/+0 spear of freezing (14)]
 11088 | D:9      | Noticed an eight-headed hydra
 11105 | D:9      | Slain by an eight-headed hydra

Skill      XL: |  1  2  3  4  5  6  7  8  9 |
---------------+----------------------------+-----
Stealth        | 2 3 4 |  4.3
Fighting       | 1 2 3 4 5 6 |  6.1
Spellcasting   | 3 4 5 6 7 |  7.9
Conjurations   | 2 3 4 5 |  5.8
Air Magic      | 4 5 6 |  6.6
Dodging        | |  1.7

Action                   |  1- 3 |  4- 6 |  7- 9 || total
-------------------------+-------+-------+-------++-------
Melee: Club              |    16 |       |       ||    16
       Unarmed           |    10 |       |       ||    10
       Mace              |    17 |    22 |       ||    39
       Tailslap          |     4 |     1 |    14 ||    19
       Short sword       |       |     2 |   101 ||   103
 Cast: Shock             |    66 |   129 |   199 ||   394
       Static Discharge  |       |     5 |    25 ||    30
       Swiftness         |       |     2 |     1 ||     3
       Airstrike         |       |       |     3 ||     3
       Lightning Bolt    |       |       |     1 ||     1
 Abil: Breathe Fire      |       |       |     5 ||     5
 Stab: Sleeping          |       |       |     1 ||     1
  Eat: Ration            |     1 |       |     2 ||     3
       Chunk             |       |     9 |    15 ||    24
Armor: Skin              |    16 |    26 |    57 ||    99
Dodge: Dodged            |    48 |    65 |    83 ||   196
